[Event "Late-Titled-Tuesday-Blitz-September-12-2023"]
[Site "Chess.com"]
[Date "2023.09.12"]
[Round "9"]
[White "mbojan"]
[Black "Maksimus1998"]
[Result "0-1"]
[WhiteElo "2759"]
[BlackElo "2593"]
[TimeControl "180+1"]
[EndTime "15:37:44 PDT"]
[Termination "Maksimus1998 won by checkmate"]

1. a3 d5 2. e3 Nf6 3. c4 e6 4. Nf3 a6 5. b3 c5 6. Bb2 Nc6 7. d4 cxd4 8. Nxd4 Bd6 9. Nd2 O-O 10. Nxc6 bxc6 11. Qc2 e5 12. e4 a5 13. Bd3 d4 14.
c5 Bc7 15. O-O Be6 16. b4 Qb8 17. Bc4 axb4 18. Bxe6 fxe6 19. Qc4 bxa3 20. Qxe6+ Kh8 21. Bxa3 Qb5 22. Rfb1 Qd3 23. Qxc6 Qxd2 24. Qxc7 Nxe4 25. c6 Rxa3 26. h3 Qxf2+ 27. Kh1 Rxh3+ 28. gxh3 Ng3# 0-1

[Event "Late-Titled-Tuesday-Blitz-September-12-2023"]
[Site "Chess.com"]
[Date "2023.09.12"]
[Round "9"]
[White "Schwindle"]
[Black "Hilary46"]
[Result "0-1"]
[WhiteElo "2435"]
[BlackElo "2550"]
[TimeControl "180+1"]
[EndTime "15:37:44 PDT"]
[Termination "Hilary46 won by resignation"]

1. e4 e5 2. Nf3 Nc6 3. Bb5 a6 4. Ba4 Nf6 5. d3 b5 6. Bb3 d6 7. c3 Be7 8. O-O O-O 9. Re1 Na5 10. Bc2 c5 11. Nbd2 Nc6 12. Nf1 h6 13. Ng3 Re8 14.
h3 Bf8 15. Be3 Bb7 16. Qd2 d5 17. Qc1 d4 18. Bd2 Rc8 19. cxd4 Nxd4 20. Nxd4 cxd4 21.
Qd1 Rc7 22. Nf5 Rc6 23. Bb3 Bc8 24. Qf3 Be6 25. Rac1 Rxc1 26. Rxc1 Bxb3 27. axb3 Re6 28. g4 Nd7 29. h4 Nc5 30. g5 Nxb3 31. Rc2 Nxd2 32.
Rxd2 hxg5 33. Kh1 gxh4 34. Rc2 a5 35. Rc1 a4 36. Qg4 Rg6 37. Qh3 b4 38. Rc8 Qg5 39. Qh2 a3 40. bxa3 bxa3 41. Ra8 Qc1+ 0-1

[Event "Late-Titled-Tuesday-Blitz-September-12-2023"]
[Site "Chess.com"]
[Date "2023.09.12"]
[Round "9"]
[White "carloseduar100"]
[Black "KorolDimitriy75"]
[Result "1-0"]
[WhiteElo "2298"]
[BlackElo "2358"]
[TimeControl "180+1"]
[EndTime "15:37:46 PDT"]
[Termination "carloseduar100 won on time"]

1. e4 c5 2. Nf3 d6 3. Bc4 g6 4. O-O Bg7 5. Nc3 Nc6 6. h3 e5 7. a3 Nge7 8. d3 O-O 9. Ng5 Nd4 10. f4 exf4 11. Bxf4 Ne6 12. Be3 Nc6 13. Qd2 Ncd4 14.
Nd5 f6 15. Bxd4 cxd4 16. Nxe6 Bxe6 17. Rf3 Kh8 18. Raf1 Bxd5 19. Bxd5 Qd7 20. Qb4 Rab8 21. Qxd4 f5 22. Qxa7 1-0

[Event "Late-Titled-Tuesday-Blitz-September-12-2023"]
[Site "Chess.com"]
[Date "2023.09.12"]
[Round "9"]
[White "KaydenTroffChess"]
[Black "BillieKimbah"]
[Result "1-0"]
[WhiteElo "2759"]
[BlackElo "3004"]
[TimeControl "180+1"]
[EndTime "15:37:47 PDT"]
[Termination "KaydenTroffChess won by checkmate"]

1. d4 d5 2. Nf3 Nf6 3. Bf4 Bf5 4. e3 e6 5. Nbd2 Nbd7 6. Ne5 Nxe5 7.
Bxe5 Bd6 8. Bg3 h6 9. Bd3 Bxd3 10. cxd3 Bxg3 11. hxg3 O-O 12. Rc1 c6 13. Nf3 Qa5+ 14.
Qd2 Qxa2 15. Ne5 Qa6 16. g4 Qb6 17. f4 Qd8 18. g5 hxg5 19. g4 Re8 20. fxg5 Nh7 21.
Qh2 Qxg5 22. Qxh7+ Kf8 23. Ke2 Ke7 24. Rh5 Qf6 25.
Rf1 Rh8 26. Rxf6 Kxf6 27. Rf5+ Ke7 28. Rxf7+ Kd6 29. Rd7# 1-0

[Event "Late-Titled-Tuesday-Blitz-September-12-2023"]
[Site "Chess.com"]
[Date "2023.09.12"]
[Round "9"]
[White "Parhamov"]
[Black "sergiochess83"]
[Result "0-1"]
[WhiteElo "3084"]
[BlackElo "2935"]
[TimeControl "180+1"]
[EndTime "15:37:49 PDT"]
[Termination "sergiochess83 won by resignation"]

1. d4 d5 2. e4 dxe4 3. Be2 Nf6 4. Kf1 Nc6 5. Bb5 e5 6. Ne2 Bc5 7. Be3 O-O 8. Bxc6 bxc6 9. Nbc3 exd4 10. Bxd4 Bd6 11.
h3 Re8 12. g4 Nd5 13. Na4 Ba6 14. b3 Bb5 15. c4 Bxa4 16. bxa4 Nf4 17. Nxf4 Bxf4 18.
Kg2 Qd6 19. Bc3 Qe6 20. Qe2 Rad8 21. Rad1 h6 22. Rhe1 Rxd1 23. Rxd1 Be5 24. Bxe5 Qxe5 25. Qe3 a6 26. Rd7 Re7 27. Rxe7 Qxe7 28. Qa7 e3 29. fxe3 Qe4+ 30. Kg3 Qxc4 31. Qxc7 Qxa4 32. Qc8+ Kh7 33. Qf5+ Kg8 34. Qc8+ Kh7 35. Kf3 Qc4 36. Qb7 Qxa2 37. Qxc6 Qe6 38. Qc2+ g6 39. Qa4 Qd5+ 40. Ke2 Qb5+ 41.
Qxb5 axb5 42. Kd3 Kg7 43. Kd4 Kf6 44. Kc5 Ke5 45. Kxb5 Ke4 46. Kc5 Kxe3 47. Kd6 f5 0-1

[Event "Late-Titled-Tuesday-Blitz-September-12-2023"]
[Site "Chess.com"]
[Date "2023.09.12"]
[Round "9"]
[White "PepeCuenca"]
[Black "KVAIDAN"]
[Result "1-0"]
[WhiteElo "2717"]
[BlackElo "2279"]
[TimeControl "180+1"]
[EndTime "15:37:51 PDT"]
[Termination "PepeCuenca won by resignation"]

1. e4 e6 2. d4 d5 3. Bd3 dxe4 4.
Bxe4 Nf6 5. Bf3 c5 6. Ne2 Nc6 7. Be3 Be7 8. Nbc3 cxd4 9. Nxd4 Nxd4 10. Qxd4 O-O 11. O-O Qa5 12. Rfd1 Bd7 13. a3 Bc6 14.
Bxc6 bxc6 15. Qc4 Nd5 16. Bd2 Qb6 17. Rab1 Bf6 18. Ne4 Bd4 19. Be1 e5 20. c3 f5 21.
Ng5 Bc5 22. Ne6 Bd6 23. Nxf8 Rxf8 24. Qa2 Qc7 25. c4 Nf4 26. c5+ Kh8 27. cxd6 Qd7 28. Qc4 e4 29. Rbc1 Rc8 30. Rc3 c5 31. b4 Qe8 32. d7 Qxd7 33. Rxd7 Rf8 34. Qxc5 1-0

[Event "Late-Titled-Tuesday-Blitz-September-12-2023"]
[Site "Chess.com"]
[Date "2023.09.12"]
[Round "9"]
[White "GianmarcoVaR"]
[Black "Arteler"]
[Result "0-1"]
[WhiteElo "2625"]
[BlackElo "2498"]
[TimeControl "180+1"]
[EndTime "15:37:55 PDT"]
[Termination "Arteler won on time"]

1. e4 e6 2. d4 d5 3. Nd2 Nf6 4. e5 Nfd7 5. Bd3 c5 6. c3 Nc6 7.
Ne2 cxd4 8. cxd4 f6 9. exf6 Nxf6 10. Nf3 Bd6 11. O-O O-O 12. Bf4 Bxf4 13. Nxf4 Ne4 14. Nh5 Ng5 15. Ne5 Nxe5 16. dxe5 Nf7 17. f4 Nh6 18.
Qc2 Nf5 19. g4 Qh4 20. Qe2 Nh6 21. g5 Nf5 22. Rf2 Bd7 23. Bxf5 Rxf5 24. Raf1 Raf8 25. b4 a6 26. Ng3 Rxf4 27. Rxf4 Rxf4 28. Rxf4 Qxf4 29.
Qf2 Qxe5 30. Qb6 Qb8 0-1

[Event "Late-Titled-Tuesday-Blitz-September-12-2023"]
[Site "Chess.com"]
[Date "2023.09.12"]
[Round "9"]
[White "Msb2"]
[Black "bazar-wokzal"]
[Result "1-0"]
[WhiteElo "3089"]
[BlackElo "2598"]
[TimeControl "180+1"]
[EndTime "15:38:00 PDT"]
[Termination "Msb2 won by resignation"]

1. d4 Nf6 2. c4 Nc6 3. Nf3 e6 4. Nc3 Bb4 5. e3 Bxc3+ 6. bxc3 O-O 7. Bd3 d6 8. e4 e5 9. O-O Bg4 10. Be3 Nd7 11. h3 Bh5 12. Be2 Bxf3 13. Bxf3 b6 14. Be2 Qe7 15. Qd3 Rae8 16. Rae1 Na5 17. Bf3 c5 18. Rd1 f5 19. dxc5 Nxc5 20. Bxc5 dxc5 21.
exf5 e4 22. Qd5+ Kh8 23. Rfe1 Qf6 24. Rxe4 Qxc3 25. Qf7 Rb8 26. Qe6 h6 27. Rd7 Rbe8 28.
Qxe8 Rxe8 29. Rxe8+ Kh7 30. Rdd8 g6 31. Re7+ 1-0

[Event "Late-Titled-Tuesday-Blitz-September-12-2023"]
[Site "Chess.com"]
[Date "2023.09.12"]
[Round "9"]
[White "h4parah5"]
[Black "Rutricks"]
[Result "1-0"]
[WhiteElo "2960"]
[BlackElo "2703"]
[TimeControl "180+1"]
[EndTime "15:38:03 PDT"]
[Termination "h4parah5 won by resignation"]

1. Nf3 g6 2. d4 Bg7 3. c4 Nf6 4. Nc3 d6 5. e4 Nbd7 6. Be2 e5 7. Be3 Ng4 8. Bg5 Ngf6 9. Qc2 h6 10. Bc1 O-O 11.
O-O Re8 12. Rd1 Qe7 13. d5 a5 14. Rb1 Nh5 15. a3 Nf4 16. Bf1 Nc5 17. b4 Na6 18. Re1 Bg4 19. Nd2 Bd7 20. c5 axb4 21.
cxd6 cxd6 22. axb4 Rec8 23. Nc4 Rf8 24. Be3 f5 25.
Nb6 Rad8 26. Nxd7 Qxd7 27. exf5 gxf5 28. Bxf4 exf4 29. Ne2 Rc8 30. Qd3 Qa4 31. Nxf4 Nxb4 32. Qg3 Rc3 33. Qg6 Qd7 34. Rxb4 1-0

[Event "Late-Titled-Tuesday-Blitz-September-12-2023"]
[Site "Chess.com"]
[Date "2023.09.12"]
[Round "9"]
[White "valemava"]
[Black "ChessDokmus"]
[Result "1-0"]
[WhiteElo "2365"]
[BlackElo "2212"]
[TimeControl "180+1"]
[EndTime "15:38:03 PDT"]
[Termination "valemava won by resignation"]

1. c4 e5 2. a3 d6 3. b4 f5 4. Bb2 Nf6 5. d4 e4 6. e3 Be7 7. h4 O-O 8. g3 c6 9. Nh3 Be6 10. Nf4 Bf7 11. d5 cxd5 12. cxd5 Nbd7 13. Nc3 Ne5 14. Be2 Rc8 15. Kf1 Nfg4 16. Kg2 Qb6 17.
Na4 Qc7 18. Rc1 Qd7 19. Qb3 b5 20. Nc3 a6 21. a4 Nc4 22. axb5 Ngxe3+ 23. fxe3 Nxe3+ 24. Kh3 axb5 25. Bxb5 Qb7 26. Bc6 Qxc6 27. dxc6 Bxb3 28. b5 Bf6 29. Rhe1 Ng4 30. Ba3 Rfd8 31. Ncd5 Bxd5 32. Nxd5 Nf2+ 33. Kg2 Nd3 34. c7 Nxe1+ 35. Rxe1 Rf8 36. b6 Be5 37. b7 Rxc7 38. Nxc7 Rb8 39. Rb1 d5 40.
Nxd5 Kf7 41. Ne7 Re8 42. Nxf5 Bb8 43. Nd6+ Bxd6 44. Bxd6 e3 45. b8=Q e2 46. Qxe8+ Kxe8 47. Re1 1-0

[Event "Late-Titled-Tuesday-Blitz-September-12-2023"]
[Site "Chess.com"]
[Date "2023.09.12"]
[Round "9"]
[White "Joshukid"]
[Black "Lennis93"]
[Result "0-1"]
[WhiteElo "2542"]
[BlackElo "2715"]
[TimeControl "180+1"]
[EndTime "15:38:05 PDT"]
[Termination "Lennis93 won by resignation"]

1. Nf3 c5 2. c4 Nc6 3. b3 e5 4. Bb2 e4 5. Ng1 d6 6. g3 Bf5 7. Bg2 Bg6 8. Nc3 Nf6 9. Nh3 h5 10. Nf4 Bh7 11. h4 Nd4 12. e3 Nc6 13. Nxh5 Ne5 14.
Nxf6+ Qxf6 15. O-O Nd3 16. Qc2 Qe6 17. Nd5 O-O-O 18.
Nf4 Qd7 19. Bh3 Bf5 20. Bxf5 Qxf5 21. Nxd3 exd3 22. Qd1 Be7 23. Kg2 Bxh4 24. Qf3 Qg6 25.
Rh1 Bf6 26. Bxf6 gxf6 27. Rxh8 Rxh8 28. Rh1 Re8 29. Rh4 Re5 30. Qg4+ f5 31. Qxg6 fxg6 32. Rh7 d5 33. cxd5 Rxd5 34. Rg7 Rd6 35. Kf3 a6 36. e4 b5 37. exf5 gxf5 38. Rf7 Rd5 39. Ke3 c4 40. bxc4 bxc4 41. Rh7 c3 42. Rh4 c2 43. Rc4+ Kd7 44. f3 Kd6 45. g4 Rc5 0-1

[Event "Late-Titled-Tuesday-Blitz-September-12-2023"]
[Site "Chess.com"]
[Date "2023.09.12"]
[Round "9"]
[White "Njal28"]
[Black "seramoral"]
[Result "1-0"]
[WhiteElo "3106"]
[BlackElo "2670"]
[TimeControl "180+1"]
[EndTime "15:38:09 PDT"]
[Termination "Njal28 won by resignation"]

1. d4 Nf6 2. c4 g6 3. Nc3 d5 4. cxd5 Nxd5 5. e4 Nxc3 6. bxc3 Bg7 7. Qa4+ Nd7 8. Nf3 O-O 9. Qa3 b6 10. Bg5 c5 11. Be2 h6 12. Be3 Bb7 13. e5 e6 14.
h4 f6 15. exf6 Qxf6 16. Rd1 cxd4 17. cxd4 Qf5 18. O-O Qg4 19. Bc1 Nf6 20. Rde1 Nh5 21. Bd1 Nf4 22. Bxf4 Rxf4 23. Re3 Raf8 1-0

[Event "Late-Titled-Tuesday-Blitz-September-12-2023"]
[Site "Chess.com"]
[Date "2023.09.12"]
[Round "9"]
[White "Defenstrator"]
[Black "PawnEatingZombie"]
[Result "0-1"]
[WhiteElo "2352"]
[BlackElo "2196"]
[TimeControl "180+1"]
[EndTime "15:38:18 PDT"]
[Termination "PawnEatingZombie won by resignation"]

1. d4 e6 2. c4 b6 3. e4 Bb4+ 4.
Bd2 Bxd2+ 5. Qxd2 d5 6. Nc3 dxe4 7. Nxe4 Nf6 8. Nxf6+ Qxf6 9. Be2 Bb7 10. Bf3 Bxf3 11. Nxf3 O-O 12. O-O Rd8 13. Qe3 Nc6 14. Rfd1 Qf5 15.
Rac1 Rd7 16. d5 Rad8 17. Re1 Nb4 18. Rc3 Nc2 19. Rxc2 Qxc2 20. dxe6 Rd1 21. exf7+ Kxf7 22. Qe6+ Kf8 23. Qe7+ Kg8 24. Qe6+ Kh8 25. h4 Rxe1+ 26.
Qxe1 Rd1 0-1

[Event "Late-Titled-Tuesday-Blitz-September-12-2023"]
[Site "Chess.com"]
[Date "2023.09.12"]
[Round "9"]
[White "chessdjw"]
[Black "simplerXiao"]
[Result "1-0"]
[WhiteElo "2722"]
[BlackElo "2521"]
[TimeControl "180+1"]
[EndTime "15:38:19 PDT"]
[Termination "chessdjw won by resignation"]

1. e4 c5 2. Nf3 e6 3. b3 Nc6 4.
Bb2 d6 5. c4 Nf6 6. Nc3 Be7 7.
Be2 O-O 8. d4 cxd4 9. Nxd4 a6 10. O-O Bd7 11. Kh1 Qc7 12. Rc1 Rac8 13. f4 Qb8 14. g4 Nxd4 15. Qxd4 d5 16. cxd5 exd5 17.
Nxd5 Bd8 18. g5 Ne8 19. f5 Bc6 20. f6 Nd6 21. Ne7+ Bxe7 22. fxe7 Bxe4+ 23. Kg1 f6 24. exf8=Q+ Rxf8 25.
gxf6 gxf6 26. Rxf6 1-0

[Event "Late-Titled-Tuesday-Blitz-September-12-2023"]
[Site "Chess.com"]
[Date "2023.09.12"]
[Round "9"]
[White "SEBAZZANO"]
[Black "GMJustin"]
[Result "1-0"]
[WhiteElo "2210"]
[BlackElo "2211"]
[TimeControl "180+1"]
[EndTime "15:38:19 PDT"]
[Termination "SEBAZZANO won on time"]

1. d4 b6 2. e4 Bb7 3. Nc3 e6 4.
Bf4 Bb4 5. f3 d5 6. e5 c5 7. a3 Bxc3+ 8. bxc3 Ne7 9. Nh3 O-O 10.
Bd3 Ba6 11. O-O Bxd3 12. Qxd3 Nbc6 13. Bg5 Qc7 14. f4 cxd4 15. cxd4 Nf5 16. c3 h6 17. g4 Nfe7 18. Bh4 Qd7 19. f5 exf5 20. gxf5 g6 21.
fxg6 fxg6 22. Bf6 Nf5 23. Nf4 1-0

[Event "Late-Titled-Tuesday-Blitz-September-12-2023"]
[Site "Chess.com"]
[Date "2023.09.12"]
[Round "9"]
[White "Jospem"]
[Black "zeitnot2006"]
[Result "1-0"]
[WhiteElo "3086"]
[BlackElo "2760"]
[TimeControl "180+1"]
[EndTime "15:38:20 PDT"]
[Termination "Jospem won by resignation"]

1. a3 e5 2. e3 d5 3. d4 exd4 4. exd4 Nc6 5. Nf3 Bd6 6. h3 Nge7 7. Bd3 O-O 8. Nc3 Bf5 9. Bxf5 Nxf5 10. Nxd5 Bxa3 11. Ne3 Nxe3 12. fxe3 Bd6 13. O-O Qe7 14. Qd3 f5 15. c4 Kh8 16. Bd2 b6 17. Rac1 Rad8 18.
Qb3 Bg3 19. d5 Ne5 20. Nd4 Qd7 21. Ne6 Ng6 22. Bc3 Rf7 23. Rf3 Bd6 24. Nxd8 Qxd8 25. Qc2 Nh4 26. Rf4 Bxf4 27. exf4 Re7 28. Be5 Ng6 29. Qxf5 Qe8 30. Re1 Rf7 31. Bxg7+ Kxg7 32. Qxg6+ hxg6 33. Rxe8 Rxf4 34. Re7+ Rf7 35. Rxf7+ Kxf7 36. Kf2 Kf6 37. Ke3 Ke5 38. h4 Kf5 39. Kf3 a5 40.
g4+ Ke5 41. b3 Kd4 42. h5 gxh5 43. gxh5 Ke5 44. Kg4 Kf6 45. Kf4 Kg7 46. Kf5 Kh6 47.
Ke6 Kxh5 48. Kd7 1-0

[Event "Late-Titled-Tuesday-Blitz-September-12-2023"]
[Site "Chess.com"]
[Date "2023.09.12"]
[Round "9"]
[White "rikchessmx"]
[Black "younix2022"]
[Result "1-0"]
[WhiteElo "2296"]
[BlackElo "2064"]
[TimeControl "180+1"]
[EndTime "15:38:20 PDT"]
[Termination "rikchessmx won by resignation"]

1. e4 c5 2. Nf3 e6 3. d4 cxd4 4. Nxd4 Nf6 5. Nc3 Nc6 6. Nxc6 bxc6 7. Bd3 Bb4 8. O-O O-O 9. Qe1 d5 10. e5 Nd7 11. a3 Be7 12. b4 a5 13. b5 cxb5 14. Nxb5 Nc5 15. Be3 Nxd3 16. cxd3 Ba6 17. a4 d4 18. Bf4 Bg5 19. Bg3 Rc8 20. Qe4 Rc2 21. h4 Bh6 22. Nxd4 Rd2 23. Ra3 Qe7 24. Rc3 Bb7 25. Qe1 Rd8 26. Nc6 Bxc6 27. Rxc6 R2xd3 28. Qxa5 Qa3 29. Rd6 Rf8 30. Qb5 Rb3 31. Qd7 g6 32. h5 Rb4 33. Ra6 gxh5 34. Qe7 h4 35. Bxh4 Rxa4 36.
Qxa3 1-0

[Event "Late-Titled-Tuesday-Blitz-September-12-2023"]
[Site "Chess.com"]
[Date "2023.09.12"]
[Round "9"]
[White "falzehope0"]
[Black "nitpicker"]
[Result "0-1"]
[WhiteElo "2362"]
[BlackElo "2267"]
[TimeControl "180+1"]
[EndTime "15:38:31 PDT"]
[Termination "nitpicker won by checkmate"]

1. d4 Nf6 2. e3 b6 3. f4 Bb7 4.
Nf3 g6 5. Bd3 Bg7 6. O-O d6 7. Nbd2 Nbd7 8. Qe1 O-O 9. f5 e6 10.
fxg6 hxg6 11. Ng5 Nh5 12. Ngf3 e5 13. c3 Qe7 14. Bc4 Rae8 15. Qf2 Kh8 16. g4 e4 17.
gxh5 exf3 18. hxg6 Qg5+ 19. Qg3 Qxg3+ 20. hxg3 fxg6 21.
Kf2 Bh6 22. Nb3 Nf6 23. d5 Ng4+ 24. Kg1 f2+ 25. Kg2 b5 26. Bxb5 Bxd5+ 27. Kh3 Re5 28. Bd7 Rh5+ 29. Kxg4 Bf3# 0-1

[Event "Late-Titled-Tuesday-Blitz-September-12-2023"]
[Site "Chess.com"]
[Date "2023.09.12"]
[Round "9"]
[White "drdaro"]
[Black "enestnrvrd"]
[Result "1-0"]
[WhiteElo "2321"]
[BlackElo "2690"]
[TimeControl "180+1"]
[EndTime "15:38:33 PDT"]
[Termination "drdaro won by resignation"]

1. e4 e5 2. Nf3 Nc6 3. Bb5 Nf6 4.
d3 Bc5 5. Nbd2 Nd4 6. Nxd4 Bxd4 7. Nf3 Bb6 8. O-O O-O 9. Nxe5 d5 10. Bg5 dxe4 11. dxe4 Qxd1 12. Raxd1 c6 13. Bc4 Be6 14. Bxe6 fxe6 15. Nd7 Nxe4 16. Nxf8 Nxg5 17. Nd7 Bc7 18. Nc5 Bb6 19. Nxb7 Rf8 20. Nd6 h5 21.
h4 Nh7 22. Nc4 Bc5 23. c3 Nf6 24. b4 Be7 25. Ne5 Nd5 26. Nxc6 Bxh4 27. g3 Bf6 28. c4 Nc3 29. Rd7 Rc8 30. b5 a6 31. Re1 axb5 32.
cxb5 Nxb5 33. Rxe6 Ra8 34. Ne7+ Kf7 35. Rb6 Nd4 36.
Nd5+ Ke8 37. Nxf6+ gxf6 38. Rh7 1-0

[Event "Late-Titled-Tuesday-Blitz-September-12-2023"]
[Site "Chess.com"]
[Date "2023.09.12"]
[Round "9"]
[White "Mariia89"]
[Black "Zampronha1971"]
[Result "0-1"]
[WhiteElo "2025"]
[BlackElo "2294"]
[TimeControl "180+1"]
[EndTime "15:38:34 PDT"]
[Termination "Zampronha1971 won on time"]

1. d4 Nf6 2. Nf3 e6 3. Bg5 c5 4. e3 b6 5. c3 Bb7 6. Bd3 Be7 7. Nbd2 d5 8. Ne5 O-O 9. f4 Nc6 10. O-O Nxe5 11. fxe5 Ne4 12. Bxe7 Qxe7 13. Bxe4 dxe4 14. Qg4 cxd4 15. exd4 e3 16. Nf3 f6 17.
exf6 Qxf6 18. Ne5 Qh6 19. Nd7 Rf2 20. Rxf2 exf2+ 21. Kxf2 Qxh2 22. Re1 Bd5 23. Re5 Rd8 24. Rh5 Qxg2+ 25. Qxg2 Bxg2 26. Nxb6 Be4 27. Na4 Rb8 28. b3 Bb1 29. Nc5 Bxa2 30. b4 Bd5 31. Re5 Kf7 32. Ke3 Ra8 0-1

[Event "Late-Titled-Tuesday-Blitz-September-12-2023"]
[Site "Chess.com"]
[Date "2023.09.12"]
[Round "9"]
[White "GAO"]
[Black "PNEPaul"]
[Result "1-0"]
[WhiteElo "2342"]
[BlackElo "1925"]
[TimeControl "180+1"]
[EndTime "15:38:35 PDT"]
[Termination "GAO won by resignation"]

1. Nf3 a6 2. g3 d6 3. Bg2 g6 4.
O-O h6 5. d4 Bg7 6. e4 Nd7 7. c4 e5 8. Be3 Ne7 9. Nc3 O-O 10. Qd2 Kh7 11. Rad1 c6 12. dxe5 dxe5 13. Qd6 Ng8 14. h4 Qf6 15. Na4 Re8 16. Nh2 Qxd6 17.
Rxd6 Bf8 18. Rd2 b5 19. Nb6 Nxb6 20. Bxb6 bxc4 21. a4 Be6 22. a5 Bb4 23. Rc2 Rac8 24. Rfc1 Ne7 25. Bf1 c5 26. Bxc4 Bxc4 27. Rxc4 Nc6 28.
Ng4 Kg7 29. Bxc5 Bxa5 30. Bd6 f6 31. Rxc6 Rxc6 32. Rxc6 h5 33. Ne3 Re6 34. Rxa6 Bb4 35.
Ra7+ 1-0

[Event "Late-Titled-Tuesday-Blitz-September-12-2023"]
[Site "Chess.com"]
[Date "2023.09.12"]
[Round "9"]
[White "Andrej2004"]
[Black "Sinquefield"]
[Result "0-1"]
[WhiteElo "2534"]
[BlackElo "2456"]
[TimeControl "180+1"]
[EndTime "15:38:37 PDT"]
[Termination "Sinquefield won by resignation"]

1. Nf3 a6 2. b3 c6 3. Bb2 f6 4. c4 g6 5. h4 h6 6. d4 e6 7. Nc3 d6 8. e4 Bg7 9. Bd3 Ne7 10. Qc2 e5 11. O-O-O Nd7 12. d5 c5 13. Ne2 b5 14. g4 bxc4 15. Bxc4 a5 16. g5 f5 17. exf5 Nxf5 18. Ng3 Nb6 19. Bd3 O-O 20. h5 Nxg3 21.
hxg6 Nxh1 22. gxh6 Bxh6+ 23. Kb1 Rxf3 24. Rxh1 Rh3 25.
Rg1 Qf6 26. a3 Rxd3 0-1

[Event "Late-Titled-Tuesday-Blitz-September-12-2023"]
[Site "Chess.com"]
[Date "2023.09.12"]
[Round "9"]
[White "hellokostya"]
[Black "cassoulet"]
[Result "1-0"]
[WhiteElo "2625"]
[BlackElo "2781"]
[TimeControl "180+1"]
[EndTime "15:38:38 PDT"]
[Termination "hellokostya won by resignation"]

1. d4 Nf6 2. c4 g6 3. Nc3 d5 4. cxd5 Nxd5 5. e4 Nxc3 6. bxc3 Bg7 7. Nf3 O-O 8. Be2 c5 9. O-O cxd4 10. cxd4 Nc6 11.
Be3 Bg4 12. d5 Na5 13. Bd4 Bxf3 14. Bxf3 Bxd4 15. Qxd4 b6 16. e5 Rc8 17. Rac1 Qd7 18. Bg4 e6 19. d6 Qb5 20. a4 Qd7 21. Rxc8 Rxc8 22. Be2 Nb3 23. Qf4 Nc5 24. Bb5 Qd8 25. h4 h5 26. Rd1 a6 27. d7 Rb8 28. Be2 Qe7 29. Bf3 Nxd7 30. g4 hxg4 31. Bxg4 Nf8 32.
h5 Qh4 33. Rd7 f5 34. exf6 Rc8 35. Bxe6+ Nxe6 36. Qxh4 g5 37. Qe4 Rc1+ 38. Kh2 Nf8 39. Rg7+ Kh8 40. Qe8 1-0

[Event "Late-Titled-Tuesday-Blitz-September-12-2023"]
[Site "Chess.com"]
[Date "2023.09.12"]
[Round "9"]
[White "talaicito"]
[Black "McCarthyStone"]
[Result "0-1"]
[WhiteElo "2186"]
[BlackElo "2480"]
[TimeControl "180+1"]
[EndTime "15:38:38 PDT"]
[Termination "McCarthyStone won on time"]

1. d4 d5 2. Nc3 e6 3. Bf4 Bd6 4. Bg3 a6 5. e4 dxe4 6. Nxe4 Bxg3 7. hxg3 Nf6 8. Nxf6+ Qxf6 9. Nf3 c5 10. c3 cxd4 11. Qxd4 Nd7 12. O-O-O Qxd4 13. Rxd4 b5 14. Bd3 Bb7 15.
Rd1 Nf6 16. a4 bxa4 17. Rxa4 O-O 18. Kc2 Rfc8 19. Rda1 Nd5 20. Nd2 Rc7 21. Nc4 Rd8 22. Ne5 f6 23. Nf3 Bc6 24. Rh4 h6 25. Rxa6 g5 26. Rc4 Rdc8 27. Nd4 Bd7 0-1

[Event "Late-Titled-Tuesday-Blitz-September-12-2023"]
[Site "Chess.com"]
[Date "2023.09.12"]
[Round "9"]
[White "CarlosjPineror"]
[Black "GlavkonVVS"]
[Result "0-1"]
[WhiteElo "2445"]
[BlackElo "2588"]
[TimeControl "180+1"]
[EndTime "15:38:41 PDT"]
[Termination "GlavkonVVS won by resignation"]

1. d4 Nf6 2. c4 e6 3. Nf3 c5 4. d5 exd5 5. cxd5 d6 6. Nc3 g6 7. g3 Bg7 8. Bg2 a6 9. a4 O-O 10. O-O Re8 11. Nd2 Nbd7 12. a5 b5 13.
axb6 Nxb6 14. e4 c4 15. Na4 Bg4 16. f3 Bd7 17. Nc3 Bb5 18. Re1 Nfd7 19. Nf1 Nc5 20. Be3 Nb3 21. Ra3 Nd7 22. Nd2 Nxd2 23. Qxd2 Qc7 24.
Rea1 Rab8 25. Bd4 Ne5 26. Nxb5 axb5 27. Ra7 Rb7 28. Rxb7 Qxb7 29. Ra7 Qb8 30. Qe3 Nd3 31. Bxg7 Kxg7 32. b3 Nc5 33. Ra2 cxb3 34. Rf2 Qa7 35. Bf1 Qa4 36. Qc3+ Kg8 37. Kg2 Ra8 38. h4 Qa5 39.
Qf6 Qd8 40. Qd4 Ra4 41. Qc3 Ra2 42. Bxb5 Rxf2+ 43. Kxf2 Qb6 44. Qc4 b2 0-1

[Event "Late-Titled-Tuesday-Blitz-September-12-2023"]
[Site "Chess.com"]
[Date "2023.09.12"]
[Round "9"]
[White "Rinqed222"]
[Black "diamonds13"]
[Result "0-1"]
[WhiteElo "2221"]
[BlackElo "2338"]
[TimeControl "180+1"]
[EndTime "15:38:42 PDT"]
[Termination "diamonds13 won on time"]

1. e4 c5 2. Nc3 Nc6 3. Bb5 Nd4 4. Nf3 a6 5. Bd3 b5 6. Nxd4 cxd4 7. Ne2 e5 8. O-O d5 9. f4 f5 10. exf5 e4 11. Ng3 exd3 12. Qh5+ Kd7 13. Qf7+ Qe7 14. Qxd5+ Kc7 15. Qxa8 Bb7 16. Qa7 Qd7 17. cxd3 Nf6 18. b3 Qd5 19. Rf2 Bc5 20. Qxc5+ Qxc5 21. Bb2 Kb8 22.
Rc1 Qd5 23. Re2 Re8 24. Rxe8+ Nxe8 25. Ne4 Qxf5 26. Bxd4 Bxe4 27. Be5+ Kb7 28. dxe4 Qxe4 29. Kf2 Qd3 30. Bc3 Nd6 31. Re1 Ne4+ 32. Kg1 Nxc3 33. dxc3 Qxc3 34. Kf2 Qd4+ 35. Kf3 Qd3+ 36. Re3 Qf1+ 37.
Kg3 Qb1 38. Re7+ Kb6 39. Rxg7 Qxa2 40. Rxh7 Qxb3+ 41. Kg4 Qd1+ 42. Kg5 Qd8+ 0-1

[Event "Late-Titled-Tuesday-Blitz-September-12-2023"]
[Site "Chess.com"]
[Date "2023.09.12"]
[Round "9"]
[White "kuli4ik"]
[Black "dropstoneDP"]
[Result "1/2-1/2"]
[WhiteElo "2957"]
[BlackElo "3021"]
[TimeControl "180+1"]
[EndTime "15:38:43 PDT"]
[Termination "Game drawn by repetition"]

1. Nf3 d5 2. d4 Nf6 3. Bf4 c5 4. dxc5 e6 5. e3 Bxc5 6. Be2 O-O 7. O-O b6 8. c4 Bb7 9. Nc3 Nbd7 10. Rc1 h6 11. a3 dxc4 12. Bxc4 Rc8 13. Qe2 Nh5 14. Ba6 Nxf4 15. exf4 Bxa6 16. Qxa6 Nf6 17. b4 Bd4 18. Nb5 Bxf2+ 19. Kxf2 Rxc1 20. Rxc1 Qd3 21. Rc8 Ne4+ 22. Ke1 Qe3+ 23. Kd1 Qd3+ 24. Ke1 Qe3+ 25. Kd1 Qd3+ 26. Ke1 1/2-1/2

[Event "Late-Titled-Tuesday-Blitz-September-12-2023"]
[Site "Chess.com"]
[Date "2023.09.12"]
[Round "9"]
[White "ozates"]
[Black "KNVB"]
[Result "1-0"]
[WhiteElo "2582"]
[BlackElo "2747"]
[TimeControl "180+1"]
[EndTime "15:38:44 PDT"]
[Termination "ozates won on time"]

1. e4 c5 2. Nf3 e6 3. d4 cxd4 4.
Nxd4 Nc6 5. Nc3 Qc7 6. g3 a6 7.
Bg2 Nf6 8. O-O Nxd4 9. Qxd4 Bc5 10. Qd3 Ng4 11. h3 Ne5 12. Qe2 b5 13. a3 Bb7 14.
Kh2 h5 15. Bf4 h4 16. Rad1 f6 17. gxh4 Rxh4 18. Bg3 g5 19. Kh1 Rh7 20. f4 Ng6 21. Qg4 O-O-O 22. fxg5 Ne5 23. Qf4 Rh5 24. gxf6 Rg8 25.
f7 Rf8 26. Qf6 d6 27. Qxe6+ Qd7 28. Qxd7+ Kxd7 29. Nd5 Bxd5 30. Rxd5 Ke6 31. Rfd1 Nxf7 32. Rxh5 1-0